 Dungeon Sprint DCSS version 0.29-a0-1008-g949cc1d0fb (webtiles) character file.

Game seed: 4135860701427882402

261 mhtbhm the Unseen (level 5, -1/40 HPs)
             Began as a Spriggan Brigand on Aug 7, 2022.
             Was a Follower of Dithmenos.
             Slain by a deep elf pyromancer
             ... wielding a +4 long sword of holy wrath
              (11 damage)
             ... in the Dungeon (Sprint III: "The Ten Rune Challenge").
             The game lasted 00:01:57 (353 turns).

mhtbhm the Unseen (Spriggan Brigand)                 Turns: 353, Time: 00:01:58

Health: -1/40      AC:  5    Str:  7    XL:     5   Next: 96%
Magic:  6/6        EV: 18    Int: 13    God:    Dithmenos [*.....]
Gold:   31         SH:  0    Dex: 18    Spells: 4/4 levels left

rFire   . . .      SeeInvis +   a - +2 dagger
rCold   . . .      Faith    .   (no shield)
rNeg    . . .      Spirit   .   b - +2 robe {Will+}
rPois   .          Reflect  .   (helmet restricted)
rElec   .          Harm     .   c - +0 cloak
rCorr   .          Rampage  .   (gloves unavailable)
Will    +....      NoTele   +   (boots unavailable)
Stlth   ..........              (no amulet)
HPRegen 0.13/turn               (no ring)
MPRegen 0.10/turn               (no ring)

@: berserking, wreathed by umbra, very quick
A: very small, no large weapons, unfitting armour, see invisible, speed 3
a: Renounce Religion


You were in the Dungeon.
You worshipped Dithmenos.
Dithmenos was aware of your devotion.
You visited 1 branch You collected 31 gold pieces.

Inventory:

Hand Weapons
 a - a +2 dagger (weapon)
Missiles
 d - 7 poisoned darts (quivered)
Armour
 b - a +2 robe of willpower (worn)
 c - a +0 cloak (worn)
Wands
 r - a wand of quicksilver (5)
Scrolls
 k - a scroll of blinking
 n - a scroll of poison {unknown}
 o - 3 scrolls of identify
 q - a scroll of torment {unknown}
Potions
 f - 2 potions of curing
 h - a potion of haste
 i - 2 potions of magic
 l - a potion of lignification {unknown}
 m - 3 potions of mutation {unknown}
 p - 3 potions of flight


   Skills:
 + Level 2.7 Fighting
 + Level 5.3 Short Blades
 + Level 5.5 Throwing
 + Level 3.1 Dodging
 + Level 15.5 Stealth
 + Level 0.3 Evocations


You had 4 spell levels left.
You didn't know any spells.
Your spell library contained the following spells:

 Spells                   Type           Power      Damage    Failure   Level
 Apportation              Tloc           0%         N/A       30%         1
 Necrotise                Necr           0%         1d4       30%         1
 Summon Small Mammal      Summ           0%         N/A       30%         1
 Sublimation of Blood     Necr           0%         N/A       43%         2
 Wereblood                Tmut           0%         N/A       43%         2
 Summon Hydra             Summ           0%         N/A       100%        7


Dungeon Overview and Level Annotations

Branches:
Dungeon (1/1)

Altars:
Dithmenos
Elyvilon
Kikubaaqudgha
Ru
Sif Muna
Vehumet
Yredelemnul
Zin
The Shining One


Innate Abilities, Weirdness & Mutations

You are very small and have problems with some larger weapons.
You are too small for most types of armour.
You have supernaturally acute eyesight. (SInv)
You cover ground extremely quickly. (Speed+++)


Message History

Unknown command.
A red film seems to cover your vision as you go berserk!
You feel yourself moving faster!
You feel mighty! The deep elf pyromancer misses you.
You closely miss the deep elf pyromancer.
The deep elf pyromancer is moderately wounded.
You barely miss the deep elf pyromancer.
The deep elf pyromancer is heavily wounded.
The deep elf pyromancer gestures at you while chanting.
The bolt of fire hits you!!
Ouch! That really hurt!
You are too injured to fight recklessly!
You are too injured to fight recklessly!
You are too injured to fight recklessly!
You are too injured to fight recklessly!
You are too injured to fight recklessly!
You are too injured to fight recklessly!
You are too injured to fight recklessly!
You are too injured to fight recklessly!
You are too injured to fight recklessly!
You are too injured to fight recklessly!
You are too injured to fight recklessly!
You are too injured to fight recklessly!
You are too injured to fight recklessly!
You are too injured to fight recklessly!
You are too injured to fight recklessly!
You are too injured to fight recklessly!
You are too injured to fight recklessly!
You are too injured to fight recklessly!
You are too injured to fight recklessly!
You puncture the deep elf pyromancer!
The deep elf pyromancer is severely wounded.
You are engulfed in a cloud of scalding steam.
* * * LOW HITPOINT WARNING * * *
You hit the deep elf pyromancer.
The deep elf pyromancer is almost dead.
You are engulfed in a cloud of scalding steam.
* * * LOW HITPOINT WARNING * * *
The deep elf pyromancer hits you with a +4 long sword of holy wrath!
You die...

▓▓▓▓▓▓▓▓▓ ▓▓▓ ..'.....♣♣
♣.##### #### ..#....♣.♣
♣♣.#___# #__# ###....♣♣♣
♣..#e..# #._#
..#....~.♣♣♣..###(#+###'##
..#...~~♣.♣.♣.#.e........#
..#..~~~~...♣.'.@........#
#'#).~≈≈~~~♣♣.#§§§######+#
..#.~~≈~~~....#§⌠§#
..#.~≈~~~.....#.§§#
..#.~~~.......#'###
###...........#.))#
..............#___#
▓▓▓▓▓▓▓▓▓▓▓▓▓▓▓▓▓▓▓


You could see a deep elf pyromancer (very poisoned, slow).

Vanquished Creatures
  A water elemental (D)
  A necrophage (D)
  Crazy Yiuf (D)
  Jessica (D)
  A wizard (D)
  A necromancer (D)
  A human (D)
  A kobold demonologist (D)
  An endoplasm (D)
  A rat (D)
10 creatures vanquished.

Notes
Turn   | Place    | Note
-------+----------+-------------------------------------------
     0 | D        | mhtbhm the Spriggan Brigand began the quest for the Orb.
     0 | D        | Reached XP level 1. HP: 10/10 MP: 2/2
     5 | D        | Reached skill level 6 in Stealth
    14 | D        | Noticed Jessica
    17 | D        | Killed Jessica
    18 | D        | Reached skill level 9 in Stealth
    18 | D        | Reached XP level 2. HP: 12/15 MP: 3/3
    99 | D        | Reached skill level 10 in Stealth
    99 | D        | Reached XP level 3. HP: 17/18 MP: 4/4
   136 | D        | Noticed Crazy Yiuf
   148 | D        | Killed Crazy Yiuf
   149 | D        | Reached skill level 11 in Stealth
   149 | D        | Reached XP level 4. HP: 23/23 MP: 5/5
   201 | D        | Noticed a water elemental
   204 | D        | Killed a water elemental
   205 | D        | Reached skill level 13 in Stealth
   215 | D        | Found a shadowy altar of Dithmenos.
   215 | D        | Noticed a necrophage
   216 | D        | Found a basalt altar of Yredelemnul.
   216 | D        | Found a sacrificial altar of Ru.
   218 | D        | Reached XP level 5. HP: 21/27 MP: 6/6
   238 | D        | Became a worshipper of Dithmenos the Shadowed
   245 | D        | Reached skill level 5 in Short Blades
   245 | D        | Reached skill level 5 in Throwing
   245 | D        | Reached skill level 14 in Stealth
   320 | D        | Found a radiant altar of Vehumet.
   321 | D        | Found a shimmering blue altar of Sif Muna.
   321 | D        | Found an ancient bone altar of Kikubaaqudgha.
   323 | D        | Reached skill level 15 in Stealth
   324 | D        | Reached * piety under Dithmenos
   337 | D        | Found a glowing silver altar of Zin.
   338 | D        | Found a glowing golden altar of the Shining One.
   338 | D        | Found a white marble altar of Elyvilon.
   338 | D        | Noticed a deep elf pyromancer
   353 | D        | Slain by a deep elf pyromancer

Illustrated notes

Levels and vault maps discovered:
D:        dungeon_sprint_mu [sprint_mu_entry_forest, sprint_mu_temple_rooms,
          sprint_mu_d1_spiders, sprint_mu_d2_genie, sprint_mu_d3_branching,
          sprint_mu_orc_legion, sprint_mu_elf_gauntlet, sprint_mu_hive_nellie,
          sprint_mu_lair_fedhas, sprint_mu_vaults_butterflies,
          sprint_mu_slime_circle, sprint_mu_swamp_cave, sprint_mu_shoals_archi,
          sprint_mu_blade_basic, sprint_mu_crypt_chambers,
          sprint_mu_tomb_spiral, sprint_mu_vestibule_basic,
          sprint_mu_gehenna_hellfire, sprint_mu_dis_giant,
          sprint_mu_tartarus_statrot, sprint_mu_cocytus_islands, sprint_mu_zot1]

Skill      XL: |  1  2  3  4  5 |
---------------+----------------+-----
Stealth        | 9 10 11 13 15 | 15.5
Fighting       | 2 |  2.7
Short Blades   | 3 4 5 |  5.3
Throwing       | 3 4 5 |  5.5
Dodging        | 2 3 |  3.1
Evocations     | |  0.3

Action                   |  1- 3 |  4- 6 || total
-------------------------+-------+-------++-------
Melee: Dagger            |    12 |    14 ||    26
Throw: Dart              |    13 |     4 ||    17
Evoke: Wand              |       |     1 ||     1
  Use: Potion            |       |     2 ||     2
 Stab: Sleeping          |     1 |     4 ||     5
Armor: Robe              |     1 |     1 ||     2
Dodge: Dodged            |     4 |     6 ||    10

Table legend: (Time is in decaauts)
 A = Elapsed time spent in this place.
 B = Non-inter-level travel time spent in this place.
 C = Inter-level travel time spent in this place.
 D = Time resting spent in this place.
 E = Time spent auto-exploring this place.
 F = Levels seen in this place.
 G = Mean time per level.
                   A        B        C        D        E       F      G
               +--------+--------+--------+--------+--------+-----+--------+
         Total |    272 |    272 |      0 |     59 |     32 |   1 |  272.0 |
       Dungeon |    272 |    272 |      0 |     59 |     32 |   1 |  272.0 |
               +--------+--------+--------+--------+--------+-----+--------+

Top non-repeatable levels by time:
       D: 272 daAuts
